Influenza vs Saguenéens
Created - 28 décembre 2016 at 20:07
Goals
|
| Influenza |
1 |
2 |
0 |
3 |
| Saguenéens |
1 |
3 |
1 |
5 |
|
Shots
|
| Influenza |
6 |
22 |
14 |
42 |
| Saguenéens |
5 |
14 |
8 |
27 |
|
1st period
1. Saguenéens , Mason Raymond 18 (Erik Haula) at 13:40
2. Influenza , Ryan Russell 4 (Mathieu Carle, John Klingberg) at 19:04
Penalties :
Tyler Pitlick (Chi) for Hooking (Minor) at 9:11, Matt Corrente (VJB) for Tripping (Minor) at 16:39, Brett Lebda (Chi) for Elbowing (Minor) at 19:27
2nd period
3. Saguenéens , Tim Kennedy 11 (Juraj Mikus, Spencer Machacek) at 2:11
4. Saguenéens , Erik Haula 7 (Tyler Kennedy) at 2:15
5. Saguenéens , Tyler Kennedy 24 (Erik Haula) at 10:18 (PP)
6. Influenza , Evgeny Grachev 15 (Mathieu Carle) at 10:42
7. Influenza , Evgeny Grachev 16 (Ben Smith, Ryan Russell) at 12:40
Penalties :
Carl Gunnarsson (VJB) for Roughing (Minor) at 4:28, Carl Gunnarsson (VJB) for Holding (Minor) at 10:15
3rd period
8. Saguenéens , Tyler Pitlick 5 (Rickard Rakell, Carl Hagelin) at 16:45
Penalties :
Nick Mattson (Chi) for Interference (Minor) at 11:06, T.J Galiardi (VJB) for Slashing (Minor) at 14:27, John Klingberg (VJB) for Cross-checking (Minor) at 19:17
Goalie Stats
Olivier Roy (VJB), 11 saves from 12 shots - (0,917), 29:42 minutes
Thomas McCollum (VJB), 11 saves from 15 shots - (0,733), L, 14-5-1, 30:18 minutes
Mike Smith (Chi), 39 saves from 42 shots - (0,929), W, 16-10-1, 60:00 minutes
Players Stats for Influenza
Player Name G A P +/- PIM S H SB GA TA FO MP PP MP PK MP
------------------------------------------------------------------------------------
Ben Smith 0 1 1 -1 0 2 2 0 1 1 0/2 19:00 0:00 3:40
Carl Gunnarsson 0 0 0 0 4 2 0 5 0 1 0/0 20:06 2:10 2:39
Charlie Coyle 0 0 0 1 0 0 0 0 0 1 2/2 9:08 0:31 1:44
Corey Tropp 0 0 0 1 0 0 4 0 0 0 0/0 6:53 0:00 0:00
Evgeny Grachev 2 0 2 0 0 8 1 0 0 0 10/23 18:51 3:40 0:00
Jamie Benn 0 0 0 0 0 3 3 0 0 0 1/2 21:11 3:42 2:03
Jeff May 0 0 0 0 0 1 1 1 0 1 1/2 14:49 3:40 0:36
Jeremy Morin 0 0 0 0 0 3 0 0 0 1 0/0 12:30 0:23 0:00
John Klingberg 0 1 1 -1 2 6 0 2 2 2 0/0 28:41 3:47 3:00
Mark Scheifele 0 0 0 -1 0 1 1 0 0 0 4/12 16:02 1:46 1:25
Martins Karsums 0 0 0 -1 0 4 1 0 1 0 0/1 14:14 1:54 0:00
Mathieu Carle 0 2 2 -1 0 2 2 2 0 0 0/0 29:00 3:47 3:18
Matt Corrente 0 0 0 0 2 0 2 1 1 1 0/0 20:03 2:10 2:31
Robbie Earl 0 0 0 -1 0 3 2 0 2 0 0/0 15:21 1:54 0:36
Ryan Carter 0 0 0 -1 0 2 0 0 0 0 8/12 16:22 0:00 3:56
Ryan Russell 1 1 2 1 0 1 0 1 1 1 0/0 7:14 0:21 0:00
T.J Galiardi 0 0 0 -1 2 4 0 1 2 0 0/0 12:25 0:00 0:00
Tim Erixon 0 0 0 0 0 0 1 0 0 0 0/0 11:23 0:00 1:20
Players Stats for Saguenéens
Player Name G A P +/- PIM S H SB GA TA FO MP PP MP PK MP
------------------------------------------------------------------------------------
Brett Lebda 0 0 0 0 2 0 2 2 1 1 0/0 25:22 3:58 1:31
Carl Hagelin 0 1 1 0 0 3 1 0 0 0 0/0 13:38 0:00 0:00
Craig Cunningham 0 0 0 0 0 1 0 0 1 0 0/0 5:26 0:00 0:27
Dalton Prout 0 0 0 1 0 0 0 1 1 1 0/0 21:28 2:44 2:05
Erik Haula 1 2 3 1 0 2 3 0 0 0 14/22 21:21 3:19 1:38
Juraj Mikus 0 1 1 0 0 0 0 0 1 0 3/9 14:46 3:03 0:00
Kevin Marshall 0 0 0 -1 0 1 1 2 0 0 0/0 22:12 3:58 3:03
Luke Witkowski 0 0 0 1 0 1 0 1 0 1 0/0 20:48 2:44 1:55
Mason Raymond 1 0 1 1 0 2 0 1 1 2 1/5 22:58 3:19 3:26
Nick Mattson 0 0 0 1 2 0 0 0 1 0 0/0 7:09 0:00 0:59
Oscar Klefbom 0 0 0 0 0 2 0 4 0 3 0/0 13:11 0:00 2:21
Rhett Rakhshani 0 0 0 0 0 0 1 0 1 0 1/1 7:08 0:12 1:11
Rickard Rakell 0 1 1 0 0 2 0 0 1 0 4/8 13:42 0:00 0:08
Roman Josi 0 0 0 0 0 0 0 2 0 0 0/0 10:34 0:00 0:00
Spencer Machacek 0 1 1 0 0 1 1 0 1 0 0/1 16:45 3:03 1:38
Teemu Pulkkinen 0 0 0 0 0 0 0 0 0 0 0/0 2:56 0:40 0:00
Tim Kennedy 1 0 1 0 0 2 1 0 0 0 1/1 14:46 3:03 0:00
Tyler Kennedy 1 1 2 1 0 4 1 1 0 1 6/9 25:40 3:07 3:26
Tyler Pitlick 1 0 1 0 2 6 2 0 0 1 0/0 14:10 0:20 0:00
3 Stars
1 - Erik Haula (Chi)
2 - Evgeny Grachev (VJB)
3 - Tyler Kennedy (Chi)
Power Play
Influenza - 0 on 3 Attempt(s) - 0,00%
Saguenéens - 1 on 5 Attempt(s) - 20,00%
Penalty Kill
Influenza - 4 on 5 Attempt(s) - 80,00%
- Score 0 goal in Penalty Kill
Saguenéens - 3 on 3 Attempt(s) - 100,00%
- Score 0 goal in Penalty Kill
Team Stat
Influenza - Hits : 20 - Faceoff Wins : 26 - Blocked Shots : 13 - Penalty Minutes : 10
Saguenéens - Hits : 13 - Faceoff Wins : 30 - Blocked Shots : 14 - Penalty Minutes : 6
Official
Referees : O'Rourke Dan and Hasenfratz Mike
Linesman : Andy McElman and Mike Cvik
Game Notes
Olivier Roy enters game at 10:18 of 2nd period
Finance
Level 1 -- Attendance: 1485 (74,25%) -- Ticket Income 59 400 $
Level 2 -- Attendance: 743 (74,30%) -- Ticket Income 14 860 $
Total Attendance: 2228 (74,27%)
Total Ticket Income: 74 260 $
Other Income: 3 713 $
Total Income: 77 973 $
Influenza
5 vs 5 Forward
Center Left Wing Right Wing Time % Phy DF OF
1 Evgeny Grachev Jamie Benn Ben Smith 40 1 2 2
2 Mark Scheifele Robbie Earl Martins Karsums 30 1 2 2
3 Ryan Carter T.J Galiardi Jeremy Morin 20 1 2 2
4 Charlie Coyle Ryan Russell Corey Tropp 10 1 2 2
5 vs 5 Defense
Defense Defense Time % Phy DF OF
1 John Klingberg Mathieu Carle 40 1 2 2
2 Carl Gunnarsson Matt Corrente 30 1 2 2
3 Tim Erixon Jeff May 20 1 2 2
4 John Klingberg Mathieu Carle 10 1 2 2
PowerPlay Forward
Center Left Wing Right Wing Time % Phy DF OF
1 Evgeny Grachev Jamie Benn Jeff May 60 1 2 2
2 Mark Scheifele Robbie Earl Martins Karsums 40 1 2 2
PowerPlay Defense
Defense Defense Time % Phy DF OF
1 John Klingberg Mathieu Carle 60 1 2 2
2 Carl Gunnarsson Matt Corrente 40 1 2 2
Penalty Kill 4 Players Forward
Center Wing Time % Phy DF OF
1 Ryan Carter Ben Smith 60 1 2 2
2 Charlie Coyle Jamie Benn 40 1 2 2
Penalty Kill 4 Players Defense
Defense Defense Time % Phy DF OF
1 John Klingberg Mathieu Carle 60 1 2 2
2 Carl Gunnarsson Matt Corrente 40 1 2 2
Penalty Kill - 3 Players Forward
Forward Time % Phy DF OF
1 Ryan Carter 60 1 2 2
2 Charlie Coyle 40 1 2 2
Penalty Kill - 3 Players Defense
Defense Defense Time % Phy DF OF
1 John Klingberg Mathieu Carle 60 1 2 2
2 Carl Gunnarsson Matt Corrente 40 1 2 2
4 vs 4 Forward
Center Wing Time % Phy DF OF
1 Evgeny Grachev Ben Smith 60 1 2 2
2 Ryan Carter Jamie Benn 40 1 2 2
4 vs 4 Defense
Defense Defense Time % Phy DF OF
1 John Klingberg Mathieu Carle 60 1 2 2
2 Carl Gunnarsson Matt Corrente 40 1 2 2
Last Minutes Offensive
Center Left Wing Right Wing Defense Defense
Evgeny Grachev Jamie Benn Martins Karsums John Klingberg Mathieu Carle
Last Minutes Defensive
Center Left Wing Right Wing Defense Defense
Charlie Coyle Robbie Earl Jeremy Morin John Klingberg Mathieu Carle
Goaltenders
Starting : Thomas McCollum
Backup : Olivier Roy
Extra Forwards
Normal : Mark Scheifele, Ben Smith, Martins Karsums - PP : Mark Scheifele, Evgeny Grachev - PK : Charlie Coyle
Extra Defensemen
Normal : Carl Gunnarsson, John Klingberg, Matt Corrente - PP : Carl Gunnarsson - PK : Carl Gunnarsson, Tim Erixon
Penalty Shots
Jamie Benn, Robbie Earl, Mark Scheifele, John Klingberg, Ryan Carter
Saguenéens
5 vs 5 Forward
Center Left Wing Right Wing Time % Phy DF OF
1 Erik Haula Mason Raymond Tyler Kennedy 40 1 2 2
2 Juraj Mikus Tim Kennedy Spencer Machacek 30 1 2 2
3 Rickard Rakell Carl Hagelin Tyler Pitlick 20 1 2 2
4 Tyler Kennedy Craig Cunningham Rhett Rakhshani 10 1 2 2
5 vs 5 Defense
Defense Defense Time % Phy DF OF
1 Brett Lebda Kevin Marshall 40 1 2 2
2 Dalton Prout Luke Witkowski 30 1 2 2
3 Roman Josi Oscar Klefbom 20 1 2 2
4 Nick Mattson Brett Lebda 10 1 2 2
PowerPlay Forward
Center Left Wing Right Wing Time % Phy DF OF
1 Erik Haula Mason Raymond Tyler Kennedy 60 1 2 2
2 Juraj Mikus Tim Kennedy Spencer Machacek 40 1 2 2
PowerPlay Defense
Defense Defense Time % Phy DF OF
1 Brett Lebda Kevin Marshall 60 1 2 2
2 Dalton Prout Luke Witkowski 40 1 2 2
Penalty Kill 4 Players Forward
Center Wing Time % Phy DF OF
1 Tyler Kennedy Mason Raymond 60 1 2 2
2 Spencer Machacek Erik Haula 40 1 2 2
Penalty Kill 4 Players Defense
Defense Defense Time % Phy DF OF
1 Brett Lebda Kevin Marshall 60 1 2 2
2 Dalton Prout Luke Witkowski 40 1 2 2
Penalty Kill - 3 Players Forward
Forward Time % Phy DF OF
1 Tyler Kennedy 60 1 2 2
2 Mason Raymond 40 1 2 2
Penalty Kill - 3 Players Defense
Defense Defense Time % Phy DF OF
1 Brett Lebda Kevin Marshall 60 1 2 2
2 Dalton Prout Luke Witkowski 40 1 2 2
4 vs 4 Forward
Center Wing Time % Phy DF OF
1 Tyler Kennedy Mason Raymond 60 1 2 2
2 Spencer Machacek Erik Haula 40 1 2 2
4 vs 4 Defense
Defense Defense Time % Phy DF OF
1 Brett Lebda Kevin Marshall 60 1 2 2
2 Dalton Prout Luke Witkowski 40 1 2 2
Last Minutes Offensive
Center Left Wing Right Wing Defense Defense
Erik Haula Mason Raymond Tyler Kennedy Brett Lebda Kevin Marshall
Last Minutes Defensive
Center Left Wing Right Wing Defense Defense
Erik Haula Mason Raymond Tyler Kennedy Brett Lebda Kevin Marshall
Goaltenders
Starting : Mike Smith
Backup : Martin Jones
Extra Forwards
Normal : Teemu Pulkkinen, Tyler Pitlick, Rhett Rakhshani - PP : Teemu Pulkkinen, Tyler Pitlick - PK : Rhett Rakhshani
Extra Defensemen
Normal : Roman Josi, Oscar Klefbom, Nick Mattson - PP : Roman Josi - PK : Oscar Klefbom, Nick Mattson
Penalty Shots
Tyler Kennedy, Mason Raymond, Spencer Machacek, Erik Haula, Tyler Pitlick
% Time on Ice - Influenza
Lines # - Real PCT - Wanted PCT - Time Play
Normal Forward
1 - 34% - 40% - 16:01
2 - 26% - 30% - 12:20
3 - 26% - 20% - 12:07
4 - 15% - 10% - 6:53
Normal Defense
1 - 43% - 40% - 20:09
2 - 32% - 30% - 15:23
3 - 21% - 20% - 10:03
4 - 4% - 10% - 1:46
PP Forward
1 - 68% - 60% - 4:03
2 - 32% - 40% - 1:54
PP Defense
1 - 64% - 60% - 3:47
2 - 36% - 40% - 2:10
PK Forward
1 - 89% - 60% - 5:58
2 - 11% - 40% - 0:44
PK Defense
1 - 49% - 60% - 3:18
2 - 51% - 40% - 3:24
PK3 Forward
1 - 0% - 60%
2 - 0% - 40%
PK3 Defense
1 - 0% - 60%
2 - 0% - 40%
44 Forward
1 - 0% - 60%
2 - 0% - 40%
44 Defense
1 - 0% - 60%
2 - 0% - 40%
Last Minute Offensive - 0:00
Last Minute Defensive - 0:00
Total
Forward - 60:00
Defense - 60:00
|
% Time on Ice - Saguenéens
Lines # - Real PCT - Wanted PCT - Time Play
Normal Forward
1 - 35% - 40% - 16:26
2 - 27% - 30% - 12:57
3 - 29% - 20% - 13:50
4 - 9% - 10% - 4:08
Normal Defense
1 - 34% - 40% - 15:57
2 - 34% - 30% - 16:09
3 - 22% - 20% - 10:14
4 - 11% - 10% - 5:01
PP Forward
1 - 54% - 60% - 3:39
2 - 46% - 40% - 3:03
PP Defense
1 - 59% - 60% - 3:58
2 - 41% - 40% - 2:44
PK Forward
1 - 73% - 60% - 4:19
2 - 27% - 40% - 1:38
PK Defense
1 - 59% - 60% - 3:31
2 - 41% - 40% - 2:26
PK3 Forward
1 - 0% - 60%
2 - 0% - 40%
PK3 Defense
1 - 0% - 60%
2 - 0% - 40%
44 Forward
1 - 0% - 60%
2 - 0% - 40%
44 Defense
1 - 0% - 60%
2 - 0% - 40%
Last Minute Offensive - 0:00
Last Minute Defensive - 0:00
Total
Forward - 60:00
Defense - 60:00
|
Play by Play
1st period
0:01 of 1st period - Evgeny Grachev wins face-off versus Erik Haula in neutral zone.
0:08 of 1st period - Wrist shot by Evgeny Grachev.
0:08 of 1st period - Stopped by Mike Smith without a rebound.
0:09 of 1st period - Erik Haula wins face-off versus Evgeny Grachev in Saguenéens zone.
0:09 of 1st period - Erik Haula is hit by Ben Smith.
0:34 of 1st period - Snap shot by Tyler Kennedy.
0:34 of 1st period - Shot Misses the Net.
0:36 of 1st period - Snap shot by Mason Raymond.
0:36 of 1st period - Deflect By Tyler Kennedy.
0:36 of 1st period - Stopped by Thomas McCollum without a rebound.
0:37 of 1st period - Juraj Mikus wins face-off versus Mark Scheifele in Influenza zone.
1:49 of 1st period - Dalton Prout is hit by Jamie Benn and loses puck.
2:23 of 1st period - Oscar Klefbom is hit by Matt Corrente and loses puck.
2:42 of 1st period - Kevin Marshall is hit by Corey Tropp and loses puck.
2:53 of 1st period - Matt Corrente is hit by Rhett Rakhshani and loses puck.
3:28 of 1st period - Ryan Carter is hit by Carl Hagelin and loses puck.
4:42 of 1st period - Wrist shot by Jeremy Morin.
4:42 of 1st period - Stopped by Mike Smith with a rebound.
5:06 of 1st period - Snap shot by Jamie Benn.
5:06 of 1st period - Shot Misses the Net.
5:18 of 1st period - Snap shot by Tyler Pitlick.
5:18 of 1st period - Stopped by Thomas McCollum with a rebound.
5:20 of 1st period - Snap shot by Tyler Pitlick.
5:20 of 1st period - Shot Blocked by John Klingberg.
5:22 of 1st period - Slapshot by Carl Hagelin.
5:22 of 1st period - Stopped by Thomas McCollum without a rebound.
5:23 of 1st period - Rickard Rakell wins face-off versus Mark Scheifele in Influenza zone.
5:24 of 1st period - Snap shot by Carl Hagelin.
5:24 of 1st period - Stopped by Thomas McCollum with a rebound.
5:57 of 1st period - Slapshot by Ben Smith.
5:57 of 1st period - Shot Misses the Net.
6:04 of 1st period - Icing by Luke Witkowski.
6:05 of 1st period - Erik Haula wins face-off versus Ryan Carter in Saguenéens zone.
6:05 of 1st period - Erik Haula is hit by Tim Erixon.
6:39 of 1st period - Snap shot by Juraj Mikus.
6:39 of 1st period - Shot Blocked by Jeff May.
7:51 of 1st period - Kevin Marshall is hit by Corey Tropp.
8:13 of 1st period - Slapshot by Martins Karsums.
8:13 of 1st period - Shot Misses the Net.
8:32 of 1st period - Matt Corrente is hit by Brett Lebda and loses puck.
8:45 of 1st period - Kevin Marshall is hit by Martins Karsums and loses puck.
8:52 of 1st period - Slapshot by Carl Hagelin.
8:52 of 1st period - Shot Blocked by Carl Gunnarsson.
8:54 of 1st period - Snap shot by Carl Hagelin.
8:54 of 1st period - Shot Misses the Net.
8:56 of 1st period - Snap shot by Rickard Rakell.
8:56 of 1st period - Shot Misses the Net.
8:58 of 1st period - Snap shot by Rickard Rakell.
8:58 of 1st period - Shot Misses the Net.
9:11 of 1st period - Minor Penalty to Tyler Pitlick for Hooking.
9:12 of 1st period - Evgeny Grachev wins face-off versus Tyler Kennedy in Saguenéens zone.
10:52 of 1st period - Icing by Charlie Coyle.
10:53 of 1st period - Tyler Kennedy wins face-off versus Evgeny Grachev in Influenza zone.
11:11 of 1st period - Penalty to Tyler Pitlick is over, Tyler Pitlick is back on ice.
11:44 of 1st period - Carl Gunnarsson is hit by Tyler Pitlick and loses puck.
13:14 of 1st period - Oscar Klefbom is hit by Corey Tropp and loses puck.
13:25 of 1st period - Matt Corrente is hit by Tyler Pitlick and loses puck.
13:38 of 1st period - Wrist shot by Tyler Kennedy.
13:38 of 1st period - Deflect By Mason Raymond.
13:38 of 1st period - Shot Misses the Net.
13:38 of 1st period - Puck is out of play.
13:39 of 1st period - Erik Haula wins face-off versus Evgeny Grachev in Influenza zone.
13:40 of 1st period - Snap shot by Mason Raymond.
13:40 of 1st period - Goal by Mason Raymond - Influenza : 0 - Saguenéens : 1.
13:41 of 1st period - Evgeny Grachev wins face-off versus Erik Haula in neutral zone.
14:06 of 1st period - John Klingberg is hit by Kevin Marshall and loses puck.
14:15 of 1st period - Wrist shot by Martins Karsums.
14:15 of 1st period - Stopped by Mike Smith with a rebound.
14:55 of 1st period - Snap shot by Evgeny Grachev.
14:55 of 1st period - Stopped by Mike Smith with a rebound.
15:52 of 1st period - Snap shot by Jeremy Morin.
15:52 of 1st period - Shot Hit the Post.
15:54 of 1st period - Snap shot by T.J Galiardi.
15:54 of 1st period - Deflect By Ryan Carter.
15:54 of 1st period - Stopped by Mike Smith with a rebound.
16:37 of 1st period - Snap shot by Juraj Mikus.
16:37 of 1st period - Shot Blocked by Carl Gunnarsson.
16:39 of 1st period - Minor Penalty to Matt Corrente for Tripping.
16:40 of 1st period - Erik Haula wins face-off versus Ryan Carter in Influenza zone.
17:13 of 1st period - Snap shot by Juraj Mikus.
17:13 of 1st period - Deflect By John Klingberg.
17:13 of 1st period - Shot Blocked by John Klingberg.
17:13 of 1st period - Puck is out of play.
17:14 of 1st period - Ryan Carter wins face-off versus Erik Haula in Influenza zone.
18:39 of 1st period - Penalty to Matt Corrente is over, Matt Corrente is back on ice.
18:58 of 1st period - Slapshot by Robbie Earl.
18:58 of 1st period - Deflect By Mark Scheifele.
18:58 of 1st period - Shot Misses the Net.
18:58 of 1st period - Puck is out of play.
18:59 of 1st period - Charlie Coyle wins face-off versus Rickard Rakell in Saguenéens zone.
19:04 of 1st period - Snap shot by Ryan Russell.
19:04 of 1st period - Goal by Ryan Russell - Influenza : 1 - Saguenéens : 1.
19:05 of 1st period - Erik Haula wins face-off versus Evgeny Grachev in neutral zone.
19:27 of 1st period - Minor Penalty to Brett Lebda for Elbowing.
19:28 of 1st period - Tyler Kennedy wins face-off versus Jeff May in Saguenéens zone.
19:42 of 1st period - Off-side.
19:43 of 1st period - Jeff May wins face-off versus Tyler Kennedy in neutral zone.
19:46 of 1st period - Tyler Kennedy is hit by Jeff May and loses puck.
Goals for this period are 1 for Influenza vs 1 for Saguenéens.
Shots for this period are 6 for Influenza vs 5 for Saguenéens.
2nd period
0:01 of 2nd period - Evgeny Grachev wins face-off versus Tyler Kennedy in neutral zone.
0:33 of 2nd period - Kevin Marshall is hit by Robbie Earl and loses puck.
1:27 of 2nd period - Penalty to Brett Lebda is over, Brett Lebda is back on ice.
1:50 of 2nd period - Snap shot by Tyler Pitlick.
1:50 of 2nd period - Stopped by Thomas McCollum with a rebound.
1:52 of 2nd period - Snap shot by Tyler Pitlick.
1:52 of 2nd period - Shot Misses the Net.
1:54 of 2nd period - Snap shot by Carl Hagelin.
1:54 of 2nd period - Stopped by Thomas McCollum with a rebound.
1:56 of 2nd period - Wrist shot by Rickard Rakell.
1:56 of 2nd period - Stopped by Thomas McCollum without a rebound.
1:57 of 2nd period - Mark Scheifele wins face-off versus Juraj Mikus in Influenza zone.
2:09 of 2nd period - Snap shot by Juraj Mikus.
2:09 of 2nd period - Shot Blocked by Carl Gunnarsson.
2:11 of 2nd period - Snap shot by Tim Kennedy.
2:11 of 2nd period - Goal by Tim Kennedy - Influenza : 1 - Saguenéens : 2.
2:12 of 2nd period - Erik Haula wins face-off versus Ben Smith in neutral zone.
2:15 of 2nd period - Slapshot by Erik Haula.
2:15 of 2nd period - Goal by Erik Haula - Influenza : 1 - Saguenéens : 3.
2:16 of 2nd period - Erik Haula wins face-off versus Evgeny Grachev in neutral zone.
2:25 of 2nd period - Wrist shot by Evgeny Grachev.
2:25 of 2nd period - Stopped by Mike Smith without a rebound.
2:26 of 2nd period - Erik Haula wins face-off versus Evgeny Grachev in Saguenéens zone.
2:36 of 2nd period - Erik Haula is hit by Ben Smith and loses puck.
2:59 of 2nd period - Slapshot by Mathieu Carle.
2:59 of 2nd period - Shot Misses the Net.
3:11 of 2nd period - Wrist shot by Jamie Benn.
3:11 of 2nd period - Stopped by Mike Smith with a rebound.
3:23 of 2nd period - Wrist shot by Evgeny Grachev.
3:23 of 2nd period - Shot Misses the Net.
3:25 of 2nd period - Slapshot by John Klingberg.
3:25 of 2nd period - Shot Blocked by Roman Josi.
3:27 of 2nd period - Wrist shot by Ben Smith.
3:27 of 2nd period - Stopped by Mike Smith with a rebound.
3:29 of 2nd period - Snap shot by Jamie Benn.
3:29 of 2nd period - Shot Misses the Net.
3:31 of 2nd period - Slapshot by Jamie Benn.
3:31 of 2nd period - Shot Blocked by Oscar Klefbom.
3:33 of 2nd period - Snap shot by Evgeny Grachev.
3:33 of 2nd period - Shot Blocked by Tyler Kennedy.
3:39 of 2nd period - Snap shot by Ben Smith.
3:39 of 2nd period - Shot Blocked by Oscar Klefbom.
3:41 of 2nd period - Backhand shot by Evgeny Grachev.
3:41 of 2nd period - Stopped by Mike Smith with a rebound.
3:43 of 2nd period - Snap shot by Evgeny Grachev.
3:43 of 2nd period - Shot Misses the Net.
3:45 of 2nd period - Wrist shot by Evgeny Grachev.
3:45 of 2nd period - Stopped by Mike Smith with a rebound.
3:47 of 2nd period - Snap shot by Evgeny Grachev.
3:47 of 2nd period - Deflect By Ben Smith.
3:47 of 2nd period - Shot Misses the Net.
3:47 of 2nd period - Puck is out of play.
3:48 of 2nd period - Tim Kennedy wins face-off versus Martins Karsums in Saguenéens zone.
4:13 of 2nd period - Ryan Carter is hit by Brett Lebda and loses puck.
4:28 of 2nd period - Minor Penalty to Carl Gunnarsson for Roughing.
4:29 of 2nd period - Ryan Carter wins face-off versus Juraj Mikus in Influenza zone.
5:53 of 2nd period - Matt Corrente is hit by Erik Haula and loses puck.
6:28 of 2nd period - Penalty to Carl Gunnarsson is over, Carl Gunnarsson is back on ice.
6:36 of 2nd period - Wrist shot by Mark Scheifele.
6:36 of 2nd period - Shot Misses the Net.
6:38 of 2nd period - Slapshot by John Klingberg.
6:38 of 2nd period - Stopped by Mike Smith without a rebound.
6:39 of 2nd period - Charlie Coyle wins face-off versus Rickard Rakell in Saguenéens zone.
6:54 of 2nd period - Slapshot by Ryan Russell.
6:54 of 2nd period - Shot Blocked by Roman Josi.
7:09 of 2nd period - Slapshot by Jeff May.
7:09 of 2nd period - Shot Blocked by Oscar Klefbom.
7:11 of 2nd period - Snap shot by Robbie Earl.
7:11 of 2nd period - Stopped by Mike Smith with a rebound.
7:23 of 2nd period - Snap shot by Juraj Mikus.
7:23 of 2nd period - Shot Blocked by Carl Gunnarsson.
7:25 of 2nd period - Slapshot by Oscar Klefbom.
7:25 of 2nd period - Stopped by Thomas McCollum with a rebound.
7:27 of 2nd period - Slapshot by Oscar Klefbom.
7:27 of 2nd period - Stopped by Thomas McCollum with a rebound.
7:29 of 2nd period - Snap shot by Spencer Machacek.
7:29 of 2nd period - Shot Misses the Net.
7:39 of 2nd period - Snap shot by Mason Raymond.
7:39 of 2nd period - Stopped by Thomas McCollum without a rebound.
7:40 of 2nd period - Ryan Carter wins face-off versus Erik Haula in Influenza zone.
8:15 of 2nd period - Slapshot by Mathieu Carle.
8:15 of 2nd period - Shot Misses the Net.
8:17 of 2nd period - Wrist shot by Ben Smith.
8:17 of 2nd period - Shot Blocked by Kevin Marshall.
8:31 of 2nd period - Snap shot by Tyler Pitlick.
8:31 of 2nd period - Stopped by Thomas McCollum without a rebound.
8:32 of 2nd period - Rickard Rakell wins face-off versus Mark Scheifele in Influenza zone.
8:35 of 2nd period - Wrist shot by Tyler Pitlick.
8:35 of 2nd period - Shot Blocked by Matt Corrente.
8:41 of 2nd period - Snap shot by Carl Hagelin.
8:41 of 2nd period - Shot Misses the Net.
10:02 of 2nd period - Wrist shot by Carl Hagelin.
10:02 of 2nd period - Shot Misses the Net.
10:04 of 2nd period - Snap shot by Tyler Pitlick.
10:04 of 2nd period - Deflect By Rickard Rakell.
10:04 of 2nd period - Shot Misses the Net.
10:04 of 2nd period - Puck is out of play.
10:05 of 2nd period - Jamie Benn wins face-off versus Erik Haula in Influenza zone.
10:15 of 2nd period - Minor Penalty to Carl Gunnarsson for Holding.
10:16 of 2nd period - Erik Haula wins face-off versus Ryan Carter in Influenza zone.
10:18 of 2nd period - Wrist shot by Tyler Kennedy.
10:18 of 2nd period - Deflect By Matt Corrente.
10:18 of 2nd period - Goal by Tyler Kennedy - Influenza : 1 - Saguenéens : 4.
10:18 of 2nd period - Olivier Roy enters game.
10:19 of 2nd period - Erik Haula wins face-off versus Evgeny Grachev in neutral zone.
10:24 of 2nd period - Snap shot by Tyler Kennedy.
10:24 of 2nd period - Stopped by Olivier Roy without a rebound.
10:25 of 2nd period - Erik Haula wins face-off versus Evgeny Grachev in Influenza zone.
10:26 of 2nd period - Snap shot by Tyler Kennedy.
10:26 of 2nd period - Stopped by Olivier Roy without a rebound.
10:27 of 2nd period - Erik Haula wins face-off versus Jamie Benn in Influenza zone.
10:42 of 2nd period - Wrist shot by Evgeny Grachev.
10:42 of 2nd period - Goal by Evgeny Grachev - Influenza : 2 - Saguenéens : 4.
10:43 of 2nd period - Erik Haula wins face-off versus Ben Smith in neutral zone.
10:50 of 2nd period - Slapshot by Kevin Marshall.
10:50 of 2nd period - Stopped by Olivier Roy with a rebound.
11:14 of 2nd period - Snap shot by Ryan Carter.
11:14 of 2nd period - Shot Misses the Net.
11:16 of 2nd period - Wrist shot by Ryan Carter.
11:16 of 2nd period - Shot Misses the Net.
11:18 of 2nd period - Wrist shot by Carl Gunnarsson.
11:18 of 2nd period - Stopped by Mike Smith without a rebound.
11:19 of 2nd period - Juraj Mikus wins face-off versus Evgeny Grachev in Saguenéens zone.
11:19 of 2nd period - Juraj Mikus is hit by Mathieu Carle.
11:31 of 2nd period - Snap shot by Spencer Machacek.
11:31 of 2nd period - Stopped by Olivier Roy with a rebound.
12:40 of 2nd period - Snap shot by Evgeny Grachev.
12:40 of 2nd period - Goal by Evgeny Grachev - Influenza : 3 - Saguenéens : 4.
12:41 of 2nd period - Evgeny Grachev wins face-off versus Mason Raymond in neutral zone.
12:44 of 2nd period - Brett Lebda is hit by Evgeny Grachev and loses puck.
13:15 of 2nd period - Wrist shot by Robbie Earl.
13:15 of 2nd period - Stopped by Mike Smith without a rebound.
13:16 of 2nd period - Mark Scheifele wins face-off versus Spencer Machacek in Saguenéens zone.
14:20 of 2nd period - Matt Corrente is hit by Tim Kennedy and loses puck.
14:27 of 2nd period - Wrist shot by Tim Kennedy.
14:27 of 2nd period - Shot Blocked by Ryan Russell.
15:02 of 2nd period - Snap shot by Carl Hagelin.
15:02 of 2nd period - Shot Blocked by Mathieu Carle.
15:19 of 2nd period - Icing by Brett Lebda.
15:20 of 2nd period - Ryan Carter wins face-off versus Juraj Mikus in Saguenéens zone.
16:33 of 2nd period - Slapshot by John Klingberg.
16:33 of 2nd period - Stopped by Mike Smith with a rebound.
16:35 of 2nd period - Slapshot by John Klingberg.
16:35 of 2nd period - Deflect By Spencer Machacek.
16:35 of 2nd period - Stopped by Mike Smith with a rebound.
16:54 of 2nd period - Ben Smith is hit by Tyler Kennedy and loses puck.
17:13 of 2nd period - Backhand shot by Jeremy Morin.
17:13 of 2nd period - Shot Blocked by Oscar Klefbom.
17:15 of 2nd period - Snap shot by T.J Galiardi.
17:15 of 2nd period - Stopped by Mike Smith with a rebound.
17:17 of 2nd period - Slapshot by Ryan Carter.
17:17 of 2nd period - Stopped by Mike Smith with a rebound.
18:35 of 2nd period - Snap shot by Martins Karsums.
18:35 of 2nd period - Stopped by Mike Smith with a rebound.
18:37 of 2nd period - Snap shot by Carl Gunnarsson.
18:37 of 2nd period - Stopped by Mike Smith with a rebound.
18:39 of 2nd period - Wrist shot by Martins Karsums.
18:39 of 2nd period - Stopped by Mike Smith with a rebound.
18:51 of 2nd period - Slapshot by T.J Galiardi.
18:51 of 2nd period - Stopped by Mike Smith with a rebound.
18:53 of 2nd period - Slapshot by Jeff May.
18:53 of 2nd period - Shot Blocked by Brett Lebda.
19:09 of 2nd period - Erik Haula is hit by Corey Tropp and loses puck.
19:14 of 2nd period - Slapshot by John Klingberg.
19:14 of 2nd period - Stopped by Mike Smith without a rebound.
19:15 of 2nd period - Evgeny Grachev wins face-off versus Erik Haula in Saguenéens zone.
19:18 of 2nd period - Wrist shot by Ben Smith.
19:18 of 2nd period - Shot Misses the Net.
19:20 of 2nd period - Wrist shot by John Klingberg.
19:20 of 2nd period - Deflect By Luke Witkowski.
19:20 of 2nd period - Stopped by Mike Smith without a rebound.
19:21 of 2nd period - Evgeny Grachev wins face-off versus Erik Haula in Saguenéens zone.
19:22 of 2nd period - Slapshot by John Klingberg.
19:22 of 2nd period - Stopped by Mike Smith with a rebound.
Goals for this period are 2 for Influenza vs 3 for Saguenéens.
Shots for this period are 22 for Influenza vs 14 for Saguenéens.
3rd period
0:01 of 3rd period - Evgeny Grachev wins face-off versus Erik Haula in neutral zone.
0:31 of 3rd period - Snap shot by Ben Smith.
0:31 of 3rd period - Shot Blocked by Kevin Marshall.
0:33 of 3rd period - Snap shot by Ben Smith.
0:33 of 3rd period - Stopped by Mike Smith with a rebound.
0:35 of 3rd period - Wrist shot by Carl Gunnarsson.
0:35 of 3rd period - Shot Misses the Net.
0:41 of 3rd period - Snap shot by Evgeny Grachev.
0:41 of 3rd period - Deflect By Jamie Benn.
0:41 of 3rd period - Stopped by Mike Smith with a rebound.
0:43 of 3rd period - Snap shot by Ben Smith.
0:43 of 3rd period - Shot Misses the Net.
0:45 of 3rd period - Snap shot by Evgeny Grachev.
0:45 of 3rd period - Stopped by Mike Smith without a rebound.
0:46 of 3rd period - Mark Scheifele wins face-off versus Mason Raymond in Saguenéens zone.
1:02 of 3rd period - Icing by Mason Raymond.
1:03 of 3rd period - Ryan Carter wins face-off versus Mason Raymond in Saguenéens zone.
2:24 of 3rd period - Slapshot by Ryan Carter.
2:24 of 3rd period - Shot Blocked by Luke Witkowski.
2:32 of 3rd period - Wrist shot by T.J Galiardi.
2:32 of 3rd period - Stopped by Mike Smith with a rebound.
2:34 of 3rd period - Snap shot by T.J Galiardi.
2:34 of 3rd period - Shot Misses the Net.
3:53 of 3rd period - Snap shot by Jeremy Morin.
3:53 of 3rd period - Shot Misses the Net.
3:55 of 3rd period - Snap shot by Jeremy Morin.
3:55 of 3rd period - Shot Misses the Net.
3:57 of 3rd period - Slapshot by Mathieu Carle.
3:57 of 3rd period - Stopped by Mike Smith with a rebound.
3:59 of 3rd period - Slapshot by John Klingberg.
3:59 of 3rd period - Shot Misses the Net.
4:01 of 3rd period - Backhand shot by Jeremy Morin.
4:01 of 3rd period - Stopped by Mike Smith with a rebound.
4:07 of 3rd period - Slapshot by Ryan Carter.
4:07 of 3rd period - Shot Blocked by Dalton Prout.
4:51 of 3rd period - Slapshot by Mathieu Carle.
4:51 of 3rd period - Stopped by Mike Smith with a rebound.
5:07 of 3rd period - Wrist shot by T.J Galiardi.
5:07 of 3rd period - Stopped by Mike Smith with a rebound.
5:09 of 3rd period - Snap shot by Jeremy Morin.
5:09 of 3rd period - Stopped by Mike Smith without a rebound.
5:10 of 3rd period - Evgeny Grachev wins face-off versus Juraj Mikus in Saguenéens zone.
5:17 of 3rd period - Snap shot by Jamie Benn.
5:17 of 3rd period - Stopped by Mike Smith with a rebound.
5:20 of 3rd period - Icing by Brett Lebda.
5:21 of 3rd period - Juraj Mikus wins face-off versus Evgeny Grachev in Saguenéens zone.
5:53 of 3rd period - Slapshot by Rickard Rakell.
5:53 of 3rd period - Stopped by Olivier Roy without a rebound.
5:54 of 3rd period - Rickard Rakell wins face-off versus Mark Scheifele in Influenza zone.
5:55 of 3rd period - Wrist shot by Tyler Pitlick.
5:55 of 3rd period - Stopped by Olivier Roy without a rebound.
5:56 of 3rd period - Rickard Rakell wins face-off versus Mark Scheifele in Influenza zone.
6:21 of 3rd period - Jamie Benn is hit by Spencer Machacek and loses puck.
7:11 of 3rd period - Snap shot by Corey Tropp.
7:11 of 3rd period - Shot Blocked by Brett Lebda.
7:21 of 3rd period - Tim Kennedy is hit by Jamie Benn and loses puck.
7:32 of 3rd period - Rickard Rakell is hit by Robbie Earl and loses puck.
7:53 of 3rd period - Rhett Rakhshani is hit by Jamie Benn and loses puck.
8:52 of 3rd period - Icing by Spencer Machacek.
8:53 of 3rd period - Mark Scheifele wins face-off versus Juraj Mikus in Saguenéens zone.
8:58 of 3rd period - Snap shot by Robbie Earl.
8:58 of 3rd period - Stopped by Mike Smith with a rebound.
9:45 of 3rd period - Oscar Klefbom is hit by Mark Scheifele and loses puck.
10:02 of 3rd period - Roman Josi is hit by Matt Corrente and loses puck.
11:06 of 3rd period - Minor Penalty to Nick Mattson for Interference.
11:07 of 3rd period - Tyler Kennedy wins face-off versus Evgeny Grachev in Saguenéens zone.
11:15 of 3rd period - Off-side.
11:16 of 3rd period - Tyler Kennedy wins face-off versus Evgeny Grachev in neutral zone.
11:33 of 3rd period - Snap shot by Mark Scheifele.
11:33 of 3rd period - Stopped by Mike Smith with a rebound.
12:13 of 3rd period - Slapshot by Matt Corrente.
12:13 of 3rd period - Deflect By Jeff May.
12:13 of 3rd period - Stopped by Mike Smith with a rebound.
12:15 of 3rd period - Snap shot by Jeff May.
12:15 of 3rd period - Deflect By Jamie Benn.
12:15 of 3rd period - Shot Blocked by Mason Raymond.
12:15 of 3rd period - Puck is out of play.
12:16 of 3rd period - Mason Raymond wins face-off versus Mark Scheifele in Saguenéens zone.
12:58 of 3rd period - Slapshot by Craig Cunningham.
12:58 of 3rd period - Stopped by Olivier Roy with a rebound.
13:06 of 3rd period - Penalty to Nick Mattson is over, Nick Mattson is back on ice.
13:16 of 3rd period - Jeremy Morin is hit by Erik Haula and loses puck.
13:55 of 3rd period - Slapshot by Spencer Machacek.
13:55 of 3rd period - Shot Blocked by Mathieu Carle.
14:27 of 3rd period - Minor Penalty to T.J Galiardi for Slashing.
14:28 of 3rd period - Ryan Carter wins face-off versus Mason Raymond in Influenza zone.
15:00 of 3rd period - Wrist shot by Tim Kennedy.
15:00 of 3rd period - Stopped by Olivier Roy with a rebound.
15:02 of 3rd period - Slapshot by Luke Witkowski.
15:02 of 3rd period - Stopped by Olivier Roy with a rebound.
15:08 of 3rd period - Slapshot by Spencer Machacek.
15:08 of 3rd period - Shot Misses the Net.
15:28 of 3rd period - Tim Kennedy is hit by Mathieu Carle and loses puck.
16:10 of 3rd period - Icing by Brett Lebda.
16:11 of 3rd period - Erik Haula wins face-off versus Mark Scheifele in Saguenéens zone.
16:27 of 3rd period - Penalty to T.J Galiardi is over, T.J Galiardi is back on ice.
16:41 of 3rd period - Slapshot by Tyler Pitlick.
16:41 of 3rd period - Shot Blocked by T.J Galiardi.
16:43 of 3rd period - Snap shot by Tyler Pitlick.
16:43 of 3rd period - Stopped by Olivier Roy with a rebound.
16:45 of 3rd period - Snap shot by Rickard Rakell.
16:45 of 3rd period - Deflect By Tyler Pitlick.
16:45 of 3rd period - Goal by Tyler Pitlick - Influenza : 3 - Saguenéens : 5.
16:46 of 3rd period - Rhett Rakhshani wins face-off versus Mark Scheifele in neutral zone.
17:56 of 3rd period - Slapshot by Mark Scheifele.
17:56 of 3rd period - Shot Misses the Net.
17:58 of 3rd period - Wrist shot by Martins Karsums.
17:58 of 3rd period - Stopped by Mike Smith without a rebound.
17:59 of 3rd period - Evgeny Grachev wins face-off versus Rickard Rakell in Saguenéens zone.
18:13 of 3rd period - Icing by Carl Hagelin.
18:14 of 3rd period - Ryan Carter wins face-off versus Rickard Rakell in Saguenéens zone.
18:42 of 3rd period - Icing by Mathieu Carle.
18:43 of 3rd period - Tyler Kennedy wins face-off versus Evgeny Grachev in Influenza zone.
19:08 of 3rd period - T.J Galiardi is hit by Erik Haula and loses puck.
19:17 of 3rd period - Minor Penalty to John Klingberg for Cross-checking.
19:18 of 3rd period - Tyler Kennedy wins face-off versus Ryan Carter in Influenza zone.
19:27 of 3rd period - Snap shot by Tyler Kennedy.
19:27 of 3rd period - Shot Misses the Net.
19:29 of 3rd period - Slapshot by Kevin Marshall.
19:29 of 3rd period - Shot Misses the Net.
19:31 of 3rd period - Slapshot by Erik Haula.
19:31 of 3rd period - Stopped by Olivier Roy with a rebound.
19:41 of 3rd period - Snap shot by Spencer Machacek.
19:41 of 3rd period - Deflect By Tim Kennedy.
19:41 of 3rd period - Shot Blocked by Carl Gunnarsson.
19:41 of 3rd period - Puck is out of play.
19:42 of 3rd period - Ryan Carter wins face-off versus Juraj Mikus in Influenza zone.
Goals for this period are 0 for Influenza vs 1 for Saguenéens.
Shots for this period are 14 for Influenza vs 8 for Saguenéens.
Back to the Top